 Dungeon Crawl Stone Soup version 0.32-a0-798-gfa783ce77f (webtiles) character file.

Game seed: 8808192008715422848

21151 Revguard the Slicer (level 12, -11/103 HPs)
             Began as a Demonspawn Fighter on Mar 21, 2024.
             Was a High Priest of Wu Jian.
             Mangled by Rupert
             ... wielding a +2 great mace of holy wrath
              (32 damage)
             ... on level 15 of the Dungeon.
             The game lasted 00:43:36 (11433 turns).

Revguard the Slicer (Demonspawn Fighter)           Turns: 11433, Time: 00:43:38

Health: -11/103    AC:  8    Str: 17    XL:     12   Next: 51%
Magic:  12/12      EV: 17    Int:  9    God:    Wu Jian [*****.]
Gold:   569        SH: 10    Dex: 27    Spells: 11/11 levels left

rFire   . . .        s - +2 short sword (venom)
rCold   + . .        E - +3 buckler
rNeg    . . .        S - +2 troll leather armour {Snorg}
rPois   .            (helmet restricted)
rElec   .            J - +0 cloak {Will+}
rCorr   .            (no gloves)
SInv    .            P - +0 pair of boots
Will    +....        u - amulet of regeneration
Stlth   +++++++      l - +6 ring of dexterity
HPRegen 1.97/turn    n - ring of protection from cold
MPRegen 0.13/turn

%: no passive effects
@: exhausted
A: thin skeletal structure 2, demonic guardian 2, spiny 2, demonic touch 1,
beak, talons 1, robust 1, evolution 1
a: Renounce Religion, Wall Jump, Serpent's Lash, Heavenly Storm


You were on level 15 of the Dungeon.
You worshipped Wu Jian.
Wu Jian was extremely pleased with you.
You visited 1 branch of the dungeon, and saw 14 of its levels.
You also visited: Ossuary and Bailey.

You collected 1014 gold pieces.
You spent 445 gold pieces at shops.

Inventory:

Hand Weapons
 a - a +2 rapier of electrocution
 d - a +2 scimitar of flaming
 j - a +2 short sword of protection
 s - a +2 short sword of venom (weapon)
 R - a +0 dagger of venom
Armour
 b - the +0 ring mail "Oqeferuu" {rCorr Slay+2}
   (You found it on level 7 of the Dungeon)

   Slay+2:    It affects your accuracy & damage with ranged weapons and melee
   (+2).
   rCorr:     It protects you from acid and corrosion.
 c - a +0 helmet of see invisible
 A - a +0 ring mail of cold resistance
 E - a +3 buckler (worn)
 J - a +0 cloak of willpower (worn)
 P - a +0 pair of boots (worn)
 S - a +2 troll leather armour (worn) {Snorg}
Jewellery
 l - a +6 ring of dexterity (left hand)
 n - a ring of protection from cold (right hand)
 q - a +6 ring of strength
 u - an amulet of regeneration (around neck)
 K - an amulet of magic regeneration
 Q - a ring of fire
Wands
 g - a wand of iceblast (4)
 k - a wand of digging (8)
 t - a wand of polymorph (10)
 D - a wand of flame (14)
Scrolls
 f - a scroll of blinking
 o - 3 scrolls of teleportation
 v - 3 scrolls of amnesia
 x - a scroll of fog
 y - a scroll of enchant weapon
 H - 3 scrolls of silence
 I - 2 scrolls of vulnerability
 L - 2 scrolls of identify
 M - a scroll of torment {unknown}
 O - a scroll of revelation
Potions
 e - a potion of attraction
 h - 3 potions of lignification
 i - 11 potions of curing
 m - 3 potions of heal wounds
 p - 3 potions of haste
 r - 4 potions of brilliance
 w - 3 potions of magic
 z - 2 potions of berserk rage
 B - 6 potions of mutation
 C - 4 potions of might
 F - 2 potions of enlightenment
 G - 3 potions of resistance
 N - 2 potions of invisibility


   Skills:
 + Level 8.4 Fighting
 * Level 9.8 Short Blades
 - Level 1.9 Axes
 + Level 7.6 Armour
 + Level 6.9 Dodging
 + Level 8.7 Stealth
 + Level 5.1 Shields
 - Level 0.8 Invocations
 + Level 7.5 Evocations


You had 11 spell levels left.
You didn't know any spells.
Your spell library contained the following spells:

 Spells                   Type           Power      Damage    Failure   Level
 Apportation              Tloc           0%         N/A       52%         1
 Freeze                   Ice            0%         1d3       52%         1
 Magic Dart               Conj           0%         1d3       52%         1
 Necrotise                Necr           0%         1d4       52%         1
 Sting                    Conj/Alch      0%         1d3       52%         1
 Summon Small Mammal      Summ           0%         N/A       52%         1
 Ensorcelled Hibernation  Hex/Ice        0%         N/A       65%         2
 Scorch                   Fire           0%         2d5       65%         2
 Call Canine Familiar     Summ           0%         N/A       87%         3
 Frozen Ramparts          Ice            0%         1d1       87%         3
 Fugue of the Fallen      Necr           0%         N/A       87%         3
 Hailstorm                Conj/Ice       0%         3d5       87%         3
 Ozocubu's Armour         Ice            0%         N/A       87%         3
 Passwall                 Erth           0%         N/A       87%         3
 Sigil of Binding         Hex            0%         N/A       87%         3
 Summon Ice Beast         Ice/Summ       0%         N/A       87%         3
 Swiftness                Air            0%         N/A       87%         3
 Brom's Barrelling Bould  Conj/Erth      0%         2d3       99%         4
 Dimensional Bullseye     Hex/Tloc       0%         N/A       99%         4
 Flame Wave               Conj/Fire      0%         2d4       99%         4
 Manifold Assault         Tloc           0%         N/A       99%         4
 Passage of Golubria      Tloc           0%         N/A       99%         4
 Petrify                  Alch/Erth      0%         N/A       99%         4
 Iskenderun's Battlesphe  Conj           0%         2d6       100%        5
 Silence                  Hex/Air        0%         N/A       100%        5
 Summon Mana Viper        Hex/Summ       0%         N/A       100%        5
 Summon Cactus Giant      Summ           0%         N/A       100%        6
 Monstrous Menagerie      Summ           0%         N/A       100%        7
 Lehudib's Crystal Spear  Conj/Erth      0%         10d2      100%        8


Dungeon Overview and Level Annotations

Branches:
Dungeon (13/15)            Temple (0/1) D:6            Lair (0/5) D:10
    Orc (0/2) D:12        Ossuary (visited)          Bailey (visited)
 Vaults: D:13-14

Altars:
Dithmenos
Fedhas
Gozag
Okawaru
Sif Muna
Wu Jian

Shops:
D:2 !   D:5 *   D:7 *   D:9 [

Annotations:
D:15 Rupert


Innate Abilities, Weirdness & Mutations

You have a moderately thin skeletal structure. (Dex +4, Stealth++)
A demonic guardian rushes to your aid.
You are mostly covered in sharp spines.
Your touch may inflict minor irresistible damage on your foes.
You have a beak for a mouth.
You have sharp toenails.
You are robust. (+10% HP)
You have hidden genetic potential.


Message History

Rupert is severely wounded.
Rupert roars madly and goes into a rage!
Rupert goes berserk!
You completely miss Rupert.
Rupert is severely wounded.
You barely miss Rupert.
Rupert is severely wounded.
Rupert hits you with a +2 great mace of holy wrath!!!
You convulse!!
* * * LOW HITPOINT WARNING * * *
A demonic guardian appears!
Blink to where?
Press: ? - help, Dir - move target
As you read the scroll of blinking, it crumbles to dust.
Rupert rages.
Unknown command.
Aiming: Iceblast
Press: ? - help, Shift-Dir - straight line The mass of ice explodes!
The iceblast engulfs Rupert!
Rupert partially resists.
Rupert is almost dead.
Aiming: Iceblast
Press: ? - help, Shift-Dir - straight line The mass of ice explodes!
The iceblast engulfs Rupert!
Rupert partially resists.
Rupert is almost dead.
Aiming: Iceblast
Press: ? - help, Shift-Dir - straight line The mass of ice explodes!
The iceblast engulfs Rupert.
Rupert partially resists.
Rupert is almost dead.
Aiming: Iceblast
Press: ? - help, Shift-Dir - straight line The mass of ice explodes!
The iceblast engulfs Rupert!
Rupert partially resists.
Rupert is almost dead.
Rupert rages.
Rupert hits you with a +2 great mace of holy wrath!!
You die...
Rupert roars with triumph.

..# ..# #..# #..#
+..#######
########........#
...<.4...4......##
.............@@..#
...........#######
...........#
##..#####..# #.
#..# #..# #..#
#..# #..# #..#
#..# ####..# #..#


You could see Rupert (berserk, extremely poisoned, ally target) and a friendly
ice devil (summoned).

Vanquished Creatures
  Snorg (D:13)
  2 hydras (D:12)
  An ogre mage (D:12)
  Erica (D:9)
  2 boulder beetles
  5 two-headed ogres
  Urug (D:13)
  Pikel (D:4)
  An orc knight (Bailey)
  A cyclops (D:12)
  2 ugly things
  A gargoyle (D:11)
  2 unseen horrors
  A komodo dragon (D:10)
  Jeremiah (D:8)
  Psyche (D:8)
  A hornet (D:10)
  3 trolls
  A shadow (D:12)
  Sigmund (D:3)
  5 yaks (D:10)
  A wraith (D:10)
  Grum (D:8)
  4 humans (D:8)
  A vampire (D:11)
  A basilisk (D:10)
  Eustachio (D:4)
  A warg (D:12)
  5 vampire mosquitoes
  An acid dragon (D:11)
  Duvessa (D:4)
  A sky beast (D:6)
  5 orc warriors
  A black bear (D:7)
  3 ice beasts
  A laughing skull (D:12)
  3 wolves (D:8)
  10 centaurs
  A phantom (D:5)
  An ogre (D:6)
  2 lemures (D:4)
  3 bullfrogs
  4 kobold brigands
  3 gnoll sergeants
  A water moccasin zombie (Ossuary)
  4 scorpions
  7 wights
  Dowan (D:4)
  A centaur zombie (Ossuary)
  A bullfrog zombie (Ossuary)
  9 orc priests
  2 bombardier beetles
  A gnoll bouda (D:7)
  2 hounds
  Crazy Yiuf (D:4)
  4 iguanas
  A sleepcap (D:4)
  Natasha (D:4)
  Terence (D:2)
  A scorpion zombie (Ossuary)
  16 orc wizards
  5 adders
  37 gnolls
  2 white imps (D:6)
  2 adder zombies (Ossuary)
  A dart slug (D:3)
  2 ribbon worms
  46 orcs
  8 bats
  8 endoplasms
  A giant cockroach (D:1)
  4 gnoll zombies (Ossuary)
  12 goblins
  16 hobgoblins
  2 jackals (D:2)
  60 kobolds
  7 quokkas
  9 ball pythons
  5 frilled lizards
  2 goblin zombies (Ossuary)
  3 orc zombies (Ossuary)
  8 rats
384 creatures vanquished.

Vanquished Creatures (collateral kills)
  An acid dragon (D:10)
  2 orc warriors
  A centaur (D:8)
  2 wights (D:6)
6 creatures vanquished.

Vanquished Creatures (others)
  An orc wizard (D:7)
  A kobold (D:12)
2 creatures vanquished.

Grand Total: 392 creatures vanquished

Notes
Turn   | Place    | Note
-------+----------+-------------------------------------------
     0 | D:1      | Revguard the Demonspawn Fighter began the quest for the
                  | Orb.
     0 | D:1      | Reached XP level 1. HP: 18/18 MP: 1/1
   110 | D:1      | Found a faded altar of an unknown god.
   124 | D:1      | Gained mutation: You have a somewhat thin skeletal
                  | structure. (Dex +2, Stealth+) [demonic ancestry]
   124 | D:1      | Reached XP level 2. HP: 24/24 MP: 2/2
   491 | D:1      | Reached XP level 3. HP: 27/29 MP: 3/3
  1137 | D:2      | Found Medotim's Distillery.
  1494 | D:2      | Reached skill level 1 in Stealth
  1516 | D:2      | Reached skill level 1 in Short Blades
  1521 | D:2      | Reached skill level 1 in Evocations
  1573 | D:2      | Noticed Terence
  1589 | D:2      | Killed Terence
  1590 | D:2      | Gained mutation: You are partially covered in sharp spines.
                  | [demonic ancestry]
  1590 | D:2      | Reached XP level 4. HP: 21/35 MP: 4/4
  2369 | D:2      | Bought a potion of heal wounds for 65 gold pieces
  2481 | D:3      | Noticed Sigmund
  2484 | D:3      | Reached skill level 1 in Dodging
  2506 | D:3      | Killed Sigmund
  2507 | D:3      | Reached skill level 2 in Short Blades
  2507 | D:3      | Gained mutation: Your touch may inflict minor irresistible
                  | damage on your foes. [demonic ancestry]
  2507 | D:3      | Reached XP level 5. HP: 38/41 MP: 5/5
  2665 | D:3      | Noticed an ice beast
  2672 | D:3      | Killed an ice beast
  2673 | D:3      | Gained mutation: You have a moderately thin skeletal
                  | structure. (Dex +4, Stealth++) [demonic ancestry]
  2673 | D:3      | Reached XP level 6. HP: 48/48 MP: 6/6
  3372 | D:3      | Found an iron altar of Okawaru.
  3461 | D:3      | Found a blossoming altar of Fedhas.
  3652 | D:4      | Noticed Duvessa
  3652 | D:4      | Noticed Dowan
  3661 | D:4      | Killed Duvessa
  3662 | D:4      | Reached XP level 7. HP: 52/53 MP: 7/7
  3671 | D:4      | Killed Dowan
  3745 | D:4      | Noticed Eustachio
  3816 | D:4      | Killed Eustachio
  3817 | D:4      | Reached skill level 3 in Short Blades
  4082 | D:4      | Noticed Pikel
  4131 | D:4      | Killed Pikel
  4132 | D:4      | Reached skill level 4 in Short Blades
  4132 | D:4      | Reached XP level 8. HP: 36/61 MP: 8/8
  4371 | D:4      | Found a runed translucent door.
  4372 | D:4      | Noticed Crazy Yiuf
  4379 | D:4      | Killed Crazy Yiuf
  4381 | D:4      | Identified the +5 hammer of the Purse {drain, Dex+5}
  4478 | D:4      | Noticed Natasha
  4480 | D:4      | Killed Natasha
  4732 | D:5      | Entered Level 5 of the Dungeon
  4732 | D:5      | Found an opulent altar of Gozag.
  4740 | D:5      | Found a shadowy altar of Dithmenos.
  4826 | D:5      | Reached skill level 5 in Stealth
  5054 | D:5      | Found an ornate altar of the Wu Jian Council.
  5070 | D:5      | Became a worshipper of the Wu Jian Council
  5158 | D:5      | Found Mam Xuug's Serpentskin Sales.
  5315 | D:5      | Reached skill level 5 in Fighting
  5360 | D:5      | Reached * piety under Wu Jian
  5693 | D:6      | Reached skill level 5 in Short Blades
  5708 | D:6      | Gained mutation: A weak demonic guardian rushes to your
                  | aid. [demonic ancestry]
  5708 | D:6      | Reached XP level 9. HP: 54/68 MP: 9/9
  5808 | D:6      | Found a staircase to the Ecumenical Temple.
  5870 | D:6      | Reached ** piety under Wu Jian
  5968 | D:6      | Found a sand-covered staircase.
  6000 | Ossuary  | Entered an ossuary
  6122 | Ossuary  | Noticed a silent spectre
  6124 | Ossuary  | Reached skill level 5 in Armour
  6628 | D:7      | Reached skill level 6 in Short Blades
  6655 | D:7      | Identified the +0 ring mail "Oqeferuu" {rCorr Slay+2}
  6770 | D:7      | Found Qosefyeh's General Store.
  6778 | D:7      | Bought a +0 rapier for 44 gold pieces
  6778 | D:7      | Bought a scroll of brand weapon for 104 gold pieces
  6855 | D:7      | Reached *** piety under Wu Jian
  6997 | D:8      | Noticed a two-headed ogre
  7001 | D:8      | Noticed a two-headed ogre
  7020 | D:8      | Killed a two-headed ogre
  7021 | D:8      | Reached XP level 10. HP: 46/76 MP: 10/10
  7028 | D:8      | Killed a two-headed ogre
  7029 | D:8      | Reached skill level 5 in Evocations
  7108 | D:8      | Noticed Psyche
  7133 | D:8      | Reached skill level 7 in Short Blades
  7145 | D:8      | Killed Psyche
  7279 | D:8      | Noticed Grum
  7285 | D:8      | Killed Grum
  7293 | D:8      | Reached skill level 5 in Dodging
  7561 | D:8      | Got the Quarto of the Combative Rocks
  7666 | D:8      | Noticed Jeremiah
  7671 | D:8      | Killed Jeremiah
  7800 | D:9      | Reached **** piety under Wu Jian
  7825 | D:9      | Noticed Erica
  7837 | D:9      | Killed Erica
  7838 | D:9      | Gained mutation: You are mostly covered in sharp spines.
                  | [demonic ancestry]
  7838 | D:9      | Reached XP level 11. HP: 42/84 MP: 11/11
  8097 | D:9      | Found Kupuoz's Antique Armour Emporium.
  8101 | D:9      | Bought a runed helmet for 232 gold pieces
  8422 | D:10     | Entered Level 10 of the Dungeon
  8501 | D:10     | Found a shimmering blue altar of Sif Muna.
  8510 | D:10     | Reached skill level 8 in Short Blades
  8722 | D:10     | Found a flagged portal.
  8735 | Bailey   | Entered a bailey
  8889 | Bailey   | Noticed an orc knight
  8893 | Bailey   | Killed an orc knight
  8961 | D:10     | Gained mutation: You have a beak for a mouth. [potion of
                  | mutation]
  8961 | D:10     | Gained mutation: You are robust. (+10% HP) [potion of
                  | mutation]
  8961 | D:10     | Gained mutation: You have hidden genetic potential. [potion
                  | of mutation]
  9118 | D:10     | Found a staircase to the Lair.
  9331 | D:11     | Noticed a two-headed ogre
  9342 | D:11     | Killed a two-headed ogre
  9630 | D:11     | Reached ***** piety under Wu Jian
  9719 | D:11     | Found a shadowy altar of Dithmenos.
  9967 | D:11     | Noticed a cyan ugly thing
  9973 | D:11     | Killed a cyan ugly thing
 10140 | D:12     | Noticed a two-headed ogre
 10154 | D:11     | Killed a two-headed ogre
 10192 | D:12     | Reached skill level 9 in Short Blades
 10202 | D:12     | Found a staircase to the Orcish Mines.
 10205 | D:12     | Noticed a two-headed ogre
 10278 | D:12     | Killed a two-headed ogre
 10553 | D:12     | Gained mutation: A demonic guardian rushes to your aid.
                  | [demonic ancestry]
 10553 | D:12     | Reached XP level 12. HP: 101/101 MP: 12/12
 10581 | D:12     | Noticed an ogre mage
 10593 | D:12     | Killed an ogre mage
 10607 | D:12     | Noticed a four-headed hydra
 10615 | D:12     | Killed a two-headed hydra
 10664 | D:12     | Noticed a four-headed hydra
 10673 | D:12     | Killed a one-headed hydra
 10757 | D:12     | Gained mutation: You have sharp toenails. [hidden
                  | potential]
 10986 | D:12     | Noticed a boulder beetle
 10992 | D:12     | Killed a boulder beetle
 11053 | D:13     | Noticed a boulder beetle
 11054 | D:13     | Killed a boulder beetle
 11055 | D:13     | Reached skill level 5 in Shields
 11074 | D:13     | Identified the +7 trident of Geaddere {spect, Dex+3}
 11089 | D:13     | Noticed Urug
 11106 | D:13     | Killed Urug
 11144 | D:13     | Noticed Snorg
 11160 | D:13     | Killed Snorg
 11299 | D:13     | You fall into a shaft and drop 2 floors!
 11299 | D:15     | Entered Level 15 of the Dungeon
 11326 | D:15     | Noticed a death knight
 11411 | D:15     | Noticed Rupert
 11433 | D:15     | Mangled by Rupert

Illustrated notes

Levels and vault maps discovered:
D:1:      nicolae_arrival_washed_ashore, layout_basic,
          hellmonk_ecumenical_altar_arch_garden, kennysheep_boxes
D:2:      layout_basic, serial_shops, nicolae_shop_industrial_runoff,
          uniq_terence
D:3:      layout_loops_ring, okawaru_altar_gauntlet_db,
          mainiacjoe_overflow_alcove_4, serial_forest,
          infiniplex_forest_lined_room_2, infiniplex_forest_straight_2,
          infiniplex_forest_clump_medium, infiniplex_forest_join,
          infiniplex_forest_straight_4, infiniplex_forest_clump_medium,
          infiniplex_forest_lined_room_2, uniq_sigmund
D:4:      layout_loops_corners, uniq_duvessa, uniq_pikel, uniq_natasha,
          uniq_eustachio, uniq_crazy_yiuf_cottage
D:5:      minmay_goblin_kobold_castle, layout_basic, amcnicky_altar_gilded,
          mainiacjoe_overflow_large_starburst, guppyfry_shop_venom
D:6:      hellmonk_destroyed_diamonds, layout_rooms, minmay_temple_entry_waves,
          nicolae_ossuary_entry_false_entrances
D:7:      layout_basic, serial_shops, shop
D:8:      layout_loops_ring, minmay_fountain_box, minmay_ruffians, uniq_grum,
          uniq_psyche, uniq_jeremiah
D:9:      layout_gridville, serial_shops, nicolae_shop_back_alley_shop,
          uniq_erica
D:10:     layout_rooms, mainiacjoe_overflow_cross_hatched, david_lair_shrubbed,
          enter_bailey_4
D:11:     layout_basic, grunt_dithmenos_smoke_and_mirrors
D:12:     layout_roguey, erik_orc_4, kb_rosetta
D:13:     minmay_the_grid_triangle_9x9_line_8_mashed
          [minmay_the_grid_triangle_9x9_thin_v,
          minmay_the_grid_triangle_9x9_empty,
          minmay_the_grid_triangle_9x9_windchime,
          minmay_the_grid_triangle_9x9_from_above,
          minmay_the_grid_triangle_9x9_empty,
          minmay_the_grid_triangle_9x9_wacky_v,
          minmay_the_grid_triangle_9x9_tough_junction,
          minmay_the_grid_triangle_9x9_prize_center], layout_gridville,
          erik_vaults_1, serial_shops, shop, minmay_between, uniq_nessos,
          uniq_snorg, uniq_urug
D:15:     hangedman_depths_entry_try_elsewhere_first, layout_irregular_city,
          dreamdust_wishing_well, uniq_rupert

Skill      XL: |  1  2  3  4  5  6  7  8  9 10 11 12 |
---------------+-------------------------------------+-----
Stealth        | 1 2 3 4 5 6 7 8 |  8.7
Short Blades   | 1 2 4 5 6 7 9 |  9.8
Evocations     | 1 2 3 4 6 7 |  7.5
Armour         | 3 4 5 6 7 |  7.6
Dodging        | 1 2 3 4 5 6 |  6.9
Shields        | 3 4 5 |  5.1
Fighting       | 4 5 6 7 8 |  8.4
Axes           | |  1.9
Invocations    | |  0.8

Action                     |  1- 3 |  4- 6 |  7- 9 | 10-12 || total
---------------------------+-------+-------+-------+-------++-------
  Melee: War axe           |    38 |       |       |       ||    38
         Short sword       |   107 |   100 |   475 |   625 ||  1307
         Dagger            |       |       |    42 |       ||    42
         Peck              |       |       |       |    72 ||    72
         Rapier            |       |       |       |    22 ||    22
         Scimitar          |       |       |       |     7 ||     7
 Invoke: Serpent's Lash    |       |       |       |     3 ||     3
Ability: Whirlwind         |       |       |    70 |    95 ||   165
         Lunge             |       |       |    37 |    70 ||   107
  Evoke: Wand              |       |       |     1 |    10 ||    11
    Use: Scroll            |       |     1 |    18 |    10 ||    29
         Potion            |       |     1 |     2 |     7 ||    10
   Stab: Sleeping          |     3 |     8 |    31 |    33 ||    75
         Distracted        |       |     1 |     1 |     3 ||     5
         Invisible         |       |       |       |     5 ||     5
 Armour: Scale mail        |    35 |       |       |       ||    35
         Ring mail         |    54 |    34 |   229 |   206 ||   523
         Troll leather arm |       |       |       |    15 ||    15
  Dodge: Dodged            |    63 |    24 |   189 |   174 ||   450
  Block: Buckler           |    47 |    33 |   125 |   173 ||   378
         Reflection        |       |     1 |       |       ||     1

Table legend: (Time is in decaauts)
 A = Elapsed time spent in this place.
 B = Non-inter-level travel time spent in this place.
 C = Inter-level travel time spent in this place.
 D = Time resting spent in this place.
 E = Time spent auto-exploring this place.
 F = Levels seen in this place.
 G = Mean time per level.
                   A        B        C        D        E       F      G
               +--------+--------+--------+--------+--------+-----+--------+
         Total |  11218 |  10650 |    568 |    361 |   7068 |  16 |  701.1 |
       Dungeon |  10812 |  10244 |    568 |    361 |   7058 |  14 |  772.3 |
       Ossuary |    182 |    182 |      0 |      0 |      9 |   1 |  182.0 |
        Bailey |    223 |    223 |      0 |      0 |      1 |   1 |  223.0 |
               +--------+--------+--------+--------+--------+-----+--------+

Top non-repeatable levels by time:
     D:2: 1283 daAuts
     D:4: 1182 daAuts
     D:1: 1152 daAuts
     D:3: 1106 daAuts
     D:5: 939 daAuts
    D:11: 925 daAuts
    D:12: 767 daAuts
     D:8: 752 daAuts
     D:9: 629 daAuts
    D:10: 623 daAuts
     D:7: 549 daAuts
     D:6: 547 daAuts
    D:13: 230 daAuts
  Bailey: 223 daAuts
 Ossuary: 182 daAuts
